 Dungeon Crawl Stone Soup version 0.30-b1-2-g02819fbbbe (webtiles) character file.

Game seed: 1057072233731057143

79 Gobbopathe the Chopper (level 4, -6/37 HPs)
             Began as a Demonspawn Chaos Knight on May 14, 2023.
             Was a Plaything of Xom.
             Killed from afar by Ijyb (12 damage)
             ... with a bolt of dispelling energy
             ... on level 3 of the Dungeon.
             The game lasted 00:04:31 (1538 turns).

Gobbopathe the Chopper (Demonspawn Chaos Knight)    Turns: 1538, Time: 00:04:32

Health: -6/37      AC:  7    Str: 12    XL:     4   Next: 16%
Magic:  4/4        EV: 11    Int: 16    God:    Xom [.*....]
Gold:   136        SH:  0    Dex: 12    Spells: 1/3 levels left

rFire   . . .        a - +0 hand axe (chaos)
rCold   . . .        (no shield)
rNeg    . . .        b - +2 leather armour
rPois   .            e - +0 helmet
rElec   .            (no cloak)
rCorr   .            (no gloves)
SInv    +            p - +0 pair of boots
Will    .....        (no amulet)
Stlth   +            l - ring of wizardry
HPRegen 0.26/turn    h - ring of see invisible
MPRegen 0.09/turn

%: wizardry (x1)
@: no status effects
A: ignite blood 1, weakness stinger 1
a: Renounce Religion


You were on level 3 of the Dungeon.
You worshipped Xom.
You were a plaything of Xom.
You visited 1 branch of the dungeon, and saw 3 of its levels.

You collected 136 gold pieces.

Inventory:

Hand Weapons
 a - a +0 hand axe of chaos (weapon)
Missiles
 f - 5 curare-tipped darts
Armour
 b - a +2 leather armour (worn)
 e - a +0 helmet (worn)
 p - a +0 pair of boots (worn)
Magical Staves
 g - a staff of air
 o - the staff of air "Ikofre" {rElec Will+++ Int-4 Dex-4 Stlth+}
   (You found it on level 2 of the Dungeon)

   [staff of air]

   Base accuracy: +5 Base damage: 5 Base attack delay: 1.2 This weapon's minimum
   attack delay (0.6) is reached at skill level 12.
   Int:       It affects your intelligence (-4).
   Dex:       It affects your dexterity (-4).
   rElec:     It insulates you from electricity.
   Will:      It greatly increases your willpower.
   Stlth:     It makes you more stealthy.
   It falls into the 'Staves' category.
   It is a one-handed weapon.
Jewellery
 h - a ring of see invisible (right hand)
 l - a ring of wizardry (left hand)
Scrolls
 d - 2 scrolls of fog {unknown}
 i - a scroll of identify {unknown}
 k - a scroll of vulnerability {unknown}
 m - a scroll of silence {unknown}
 n - a scroll of immolation {unknown}
Potions
 j - a potion of invisibility {unknown}
Miscellaneous
 c - a piece from Xom's chessboard (15/15) (quivered)


   Skills:
 + Level 3.7 Fighting
 * Level 4.1 Axes
 - Level 1.7 Armour
 - Level 0.8 Dodging
 + Level 0.0 Spellcasting
 + Level 0.0 Translocations


You had one spell level left.
You knew the following spells:

 Your Spells              Type           Power      Damage    Failure   Level
a - Blink                 Tloc           0%         N/A       19%         2

Your spell library contained the following spells:

 Spells                   Type           Power      Damage    Failure   Level
 Lesser Beckoning         Tloc           0%         N/A       19%         2
 Momentum Strike          Conj/Tloc      0%         3d8       19%         2
 Chain Lightning          Conj/Air       0%         N/A       100%        9
 Fire Storm               Conj/Fire      0%         5d1       100%        9
 Shatter                  Erth           0%         3d5*      100%        9


Dungeon Overview and Level Annotations

Branches:
Dungeon (3/15) Zot: 16446

Altars:

Shops:
D:2 =

Annotations:
D:3 Ijyb


Innate Abilities, Weirdness & Mutations

Your demonic aura sometimes causes spilled blood to erupt in flames.
You have a small tail.


Message History

You continue putting on your +0 pair of boots. x4
You finish putting on your +0 pair of boots.
There is an escape hatch in the ceiling here.
A rat comes into view.
You hit the rat. You burn the rat.
You kill the rat!
No target in view!
A frilled lizard comes into view.
The frilled lizard hisses angrily.
Ijyb the Twisted Goblin comes into view.
She is wielding a +0 dagger and carrying a wand of quicksilver (10).
Ijyb shouts!
The frilled lizard hisses.
Ijyb drinks a potion.
Ijyb suddenly seems more resistant.
The frilled lizard bites you but does no damage.
Ijyb zaps a wand.
The bolt of dispelling energy hits the frilled lizard!
The frilled lizard dies!
The bolt of dispelling energy hits you!
A shower of butterflies erupts from you!
Ijyb hits you but does no damage.
You hit Ijyb.
Ijyb resists with some effort.
Your tail-slap misses Ijyb.
Ijyb is lightly wounded.
Ijyb zaps a wand.
The bolt of dispelling energy hits you!!
Ouch! That really hurt!
* * * LOW HITPOINT WARNING * * *
Ijyb zaps a wand.
The bolt of dispelling energy hits your butterfly!
Your butterfly dies!
Your butterfly disappears in a puff of smoke!
The bolt of dispelling energy misses you.
You swap places.
Ijyb hits your butterfly with a +0 dagger.
Your butterfly dies!
Your butterfly disappears in a puff of smoke!
Ijyb zaps a wand.
The bolt of dispelling energy misses your butterfly.
The bolt of dispelling energy hits you!
You die...
Xom roars with laughter!

##### ###....
#.....# #
#.....##.#
#....g.#.#
#..b†....#
#...b..#.#
###.b..b#
#.@####
#.#.#.#
##.##.##
#......##
##.####.#
##### #.#
#...###.#
#.......##
##...##...###


You could see Ijyb (resistant, ally target).

Vanquished Creatures
  A gnoll (D:1)
  An adder (D:2)
  2 worms (D:2)
  2 dart slugs (D:1)
  7 endoplasms
  2 giant cockroaches (D:1)
  5 hobgoblins
  3 jackals (D:1)
  2 kobolds (D:1)
  2 quokkas
  A ball python (D:1)
  3 bats
  6 frilled lizards
  5 goblins
  4 rats
46 creatures vanquished.

Vanquished Creatures (collateral kills)
  A quokka (D:1)
1 creature vanquished.

Vanquished Creatures (others)
  A frilled lizard (D:3)
  A frilled lizard zombie (D:1)
2 creatures vanquished.

Grand Total: 49 creatures vanquished

Notes
Turn   | Place    | Note
-------+----------+-------------------------------------------
     0 | D:1      | Gobbopathe the Demonspawn Chaos Knight began the quest for
                  | the Orb.
     0 | D:1      | Reached XP level 1. HP: 18/18 MP: 1/1
    44 | D:1      | XOM: smoke on damage
    46 | D:1      | Reached skill level 3 in Axes
    46 | D:1      | Gained mutation: Your demonic aura sometimes causes spilled
                  | blood to erupt in flames. [demonic ancestry]
    46 | D:1      | Reached XP level 2. HP: 12/24 MP: 2/2
   178 | D:1      | XOM: divination: magic mapping
   331 | D:1      | Reached XP level 3. HP: 29/29 MP: 3/3
   479 | D:1      | XOM: god gift: quarterstaff {god gift}
   492 | D:1      | XOM: summons 2 hostile demons
   853 | D:2      | XOM: god gift: scroll labelled ONOUCHYTOO {god gift}
   980 | D:2      | Reached skill level 4 in Axes
  1047 | D:2      | Discovered your monstrous ancestry.
  1047 | D:2      | Gained mutation: You have a small tail. [demonic ancestry]
  1047 | D:2      | Reached XP level 4. HP: 37/37 MP: 4/4
  1172 | D:2      | Identified the staff of air "Ikofre" {rElec Will+++ Int-4
                  | Dex-4 Stlth+}
  1177 | D:2      | Learned a level 2 spell: Blink
  1217 | D:2      | Found Piegem's Jewellery Emporium.
  1531 | D:3      | Noticed Ijyb
  1533 | D:3      | XOM: butterfly on damage
  1538 | D:3      | Killed from afar by Ijyb

Illustrated notes

Levels and vault maps discovered:
D:1:      sevenhm_arrival_forest_fort_small_6, layout_loops_ring
D:2:      layout_basic, serial_shops, nicolae_lakefront_shop,
          amcnicky_mini_pool_small
D:3:      cheibrodos_fertilizer, layout_loops_cross,
          nicolae_overflow_ecumenical_swirl, lemuel_round_altar, uniq_ijyb,
          uniq_crazy_yiuf_cottage, uniq_grinder, uniq_jessica

Skill      XL: |  1  2  3 |
---------------+----------+-----
Axes           | 3 4 |  4.1
Fighting       | |  3.7
Armour         | |  1.7
Dodging        | |  0.8

Action                     |  1- 3 |  4- 6 || total
---------------------------+-------+-------++-------
  Melee: Hand axe          |   114 |    13 ||   127
         Tailslap          |       |     1 ||     1
 Armour: Leather armour    |    47 |     3 ||    50
  Dodge: Dodged            |    65 |     4 ||    69
